 Dungeon Crawl Stone Soup version 0.28.0-47-ge53b351184 (webtiles) character file.

Game seed: 5194098423395094684

44 Iusername the Skirmisher (level 3, 0/29 HPs)
             Began as a Human Fighter on May 4, 2022.
             Slain by an iguana (6 damage)
             ... on level 2 of the Dungeon.
             The game lasted 00:01:20 (1058 turns).

Iusername the Skirmisher (Human Fighter)            Turns: 1058, Time: 00:01:20

Health: 0/29       AC:  6    Str: 18    XL:     3   Next: 85%
Magic:  3/3        EV:  9    Int:  8    God:
Gold:   86         SH:  4    Dex: 12    Spells: 2/2 levels left

rFire   . . .      SeeInvis .   a - +0 war axe
rCold   . . .      Faith    .   c - +0 buckler
rNeg    . . .      Spirit   .   b - +0 scale mail
rPois   .          Reflect  .   (no helmet)
rElec   .          Harm     .   (no cloak)
rCorr   .          Rampage  .   (no gloves)
Will    .....                   (no boots)
Stlth   ..........              (no amulet)
HPRegen 0.09/turn               (no ring)
MPRegen 0.08/turn               (no ring)

@: no status effects
A: no striking features
a: no special abilities


You were on level 2 of the Dungeon.
You visited 1 branch of the dungeon, and saw 2 of its levels.

You collected 86 gold pieces.

Inventory:

Hand Weapons
 a - a +0 war axe (weapon)
Armour
 b - a +0 scale mail (worn)
 c - a +0 buckler (worn)
Jewellery
 e - a ring of poison resistance
 i - an amulet of faith
Scrolls
 f - a scroll of enchant weapon {unknown}
Potions
 d - a potion of degeneration {unknown}
 g - a potion of lignification {unknown}
 h - a potion of curing {unknown}
 j - a potion of mutation {unknown}


   Skills:
 + Level 3.3 Fighting
 + Level 2.6 Axes
 + Level 3.3 Armour
 + Level 0.4 Dodging
 + Level 3.3 Shields


You had 2 spell levels left.
You didn't know any spells.
Your spell library contained the following spells:

 Spells                   Type           Power      Damage    Failure   Level
 Slow                     Hex            0%         N/A       87%         1
 Confusing Touch          Hex            0%         N/A       99%         3
 Vampiric Draining        Necr           0%         2d6       99%         3


Dungeon Overview and Level Annotations

Branches:
Dungeon (2/15)

Altars:


Message History

The ball python constricts you.
You hit the ball python.
The ball python is moderately wounded.
You hit the jackal but do no damage. You barely miss the kobold.
You hit the jackal. The jackal bites you. You block the jackal's attack.
The ball python bites you. The ball python constricts you.
The kobold hits you but does no damage. The jackal bites you. x2
The ball python barely misses you. The ball python constricts you.
The kobold hits you with a +0 whip.
You completely miss the ball python.
The ball python is moderately wounded.
You hit the jackal.
You kill the jackal!
You hit the kobold.
You kill the kobold!
You hit the jackal.
You kill the jackal!
The ball python bites you but does no damage.
The ball python constricts you. You block the ball python's attack.
The ball python constricts you.
You are too injured to fight recklessly!
Unknown command.
You are too injured to fight recklessly!
Unknown command.
You are too injured to fight recklessly!
Unknown command.
Unknown command.
You hit the iguana but do no damage. You closely miss the ball python.
You block the iguana's attack. The ball python barely misses you.
The ball python constricts you. The iguana bites you!
* * * LOW HITPOINT WARNING * * *
The ball python bites you but does no damage.
The ball python constricts you.
You barely miss the iguana. You hit the ball python.
You kill the ball python!
You block the iguana's attack.
You slash the iguana!
The iguana is heavily wounded.
The iguana bites you.
You die...

#.....# #.....#
#.#############..
#................
#####.####......#
###########.####.##.#.#
......$..)...........>.
########.###...........#
...........#.####.####.#
.......@...+.# #.####.#
......†l)..### #.<....#
...........# #.####.#
...........# #......#
...........# #.####.#
...<.......# #.# #.#
...........# #.####.#
...........# #.......
########


You could see an iguana.

Vanquished Creatures
  A dart slug (D:1)
  3 ball pythons
  2 bats (D:1)
  2 endoplasms (D:1)
  3 giant cockroaches (D:1)
  2 goblins (D:1)
  7 hobgoblins (D:1)
  2 jackals (D:2)
  3 quokkas (D:1)
  9 kobolds
  2 rats (D:1)
36 creatures vanquished.

Notes
Turn   | Place    | Note
-------+----------+-------------------------------------------
     0 | D:1      | Iusername the Human Fighter began the quest for the Orb.
     0 | D:1      | Reached XP level 1. HP: 18/18 MP: 1/1
    31 | D:1      | Reached XP level 2. HP: 22/24 MP: 2/2
    60 | D:1      | Found a faded altar of an unknown god.
   387 | D:1      | Reached XP level 3. HP: 27/29 MP: 3/3
  1058 | D:2      | Slain by an iguana

Illustrated notes

Levels and vault maps discovered:
D:1:      mrwooster_arrival_statue, layout_basic,
          shapermc_ecumenical_altar_pompeii, st_stairs_2
D:2:      layout_basic, basic_altar

Action                   || total
-------------------------++-------
Melee: War axe           ||    87
  Use: Potion            ||     1
Armor: Scale mail        ||    52
Dodge: Dodged            ||    48
Block: Buckler           ||    25
